NCAA
INDIANA HOOSIERS @ BAYLOR BEARS
04/07/2030
 
TOP OF THE 1ST
Indiana Hoosiers batting - Pitching for Baylor Bears : LHP Juan De La Hoya
Pitching: LHP Juan De La Hoya
Batting: RHB Scott Young 0-0: Ball
1-0: Swinging Strike
1-1: Bunt - Flyout! F3
Batting: LHB Jimmy Winters 0-0: Called Strike
0-1: Ball
1-1: Ground out 1-3 (Groundball, 13)
Batting: RHB Stephen McNeely 0-0: Ball
1-0: Called Strike
1-1: Foul Ball, location: 2F
1-2: Fly out, F6 (Line Drive, 6)
Top of the 1st over - 0 runs, 0 hits, 0 errors, 0 left on base; Indiana 0 - Baylor 0
BOTTOM OF THE 1ST
Baylor Bears batting - Pitching for Indiana Hoosiers : RHP Jack Ingram
Pitching: RHP Jack Ingram
Batting: RHB Reed Allen 0-0: Ball
1-0: Fly out, F8 (Flyball, 8RS)
Batting: RHB Richard Jeffries 0-0: Called Strike
0-1: Ball
1-1: Ball
2-1: Swinging Strike
2-2: Strikes out swinging
Batting: RHB Gerald Taylor 0-0: Ball
1-0: Called Strike
1-1: Fly out, F7 (Flyball, 7)
Bottom of the 1st over - 0 runs, 0 hits, 0 errors, 0 left on base; Indiana 0 - Baylor 0
TOP OF THE 2ND
Indiana Hoosiers batting - Pitching for Baylor Bears : LHP Juan De La Hoya
Batting: RHB Curt David 0-0: Foul Ball, location: 2F
0-1: Ground out 5-3 (Groundball, 56)
Batting: RHB Frank Reed 0-0: Ball
1-0: Swinging Strike
1-1: Ball
2-1: Ball
3-1: Fly out, F9 (Flyball, 9LS)
Batting: RHB Chris Neal 0-0: Ball
1-0: Called Strike
1-1: Called Strike
1-2: Ball
2-2: Foul Ball, location: 2F
2-2: Strikes out swinging
Top of the 2nd over - 0 runs, 0 hits, 0 errors, 0 left on base; Indiana 0 - Baylor 0
BOTTOM OF THE 2ND
Baylor Bears batting - Pitching for Indiana Hoosiers : RHP Jack Ingram
Batting: LHB Sergio García 0-0: Ball
1-0: Ball
2-0: Ball
3-0: Called Strike
3-1: Base on Balls
Batting: LHB Alan Jones 0-0: Ball
1-0: Ball
2-0: Ball
3-0: Called Strike
3-1: Fly out, F9 (Flyball, 9S)
Batting: RHB Doug Carter 0-0: Called Strike
0-1: Fielders Choice at 2nd, 3-6 (Groundball, 34)
Batting: RHB Santiago Hernández 0-0: Called Strike
0-1: TRIPLE (Line Drive, 9D)
Doug Carter scores
Batting: RHB Denny Dennis 0-0: Ball
1-0: Swinging Strike
1-1: Ground out 6-3 (Groundball, 6)
Bottom of the 2nd over - 1 run, 1 hit, 0 errors, 1 left on base; Indiana 0 - Baylor 1
TOP OF THE 3RD
Indiana Hoosiers batting - Pitching for Baylor Bears : LHP Juan De La Hoya
Batting: SHB Bob Madrigal 0-0: Foul Ball, location: 2F
0-1: Ball
1-1: Ball
2-1: Ball
3-1: Base on Balls
Batting: RHB Chris Wilson 0-0: Foul Ball, location: 2F
0-1: Swinging Strike
0-2: Strikes out looking
Batting: RHB Luke Nelson 0-0: Swinging Strike
0-1: Ground out 6-3 (Groundball, 6S)
Bob Madrigal to second
Batting: RHB Scott Young 0-0: Ball
1-0: Ball
2-0: Ball
3-0: Base on Balls
Batting: LHB Jimmy Winters 0-0: Ball
1-0: Foul Ball, location: 2F
1-1: SINGLE (Groundball, 6MD)
Bob Madrigal to third
Scott Young to second
Runner from 3rd tries for Home, SAFE, no throw
Batting: RHB Stephen McNeely 0-0: Ball
1-0: Foul Ball, location: 2F
1-1: Foul Ball, location: 2F
1-2: 3-RUN HOME RUN (Flyball, 7D), Distance : 343 ft
Batting: RHB Curt David 0-0: Called Strike
0-1: Foul Ball, location: 2F
0-2: Foul Ball, location: 2F
0-2: Ball
1-2: Ball
2-2: Ball
3-2: Foul Ball, location: 2F
3-2: Fly out, F7 (Flyball, 78XD)
Top of the 3rd over - 4 runs, 2 hits, 0 errors, 0 left on base; Indiana 4 - Baylor 1
BOTTOM OF THE 3RD
Baylor Bears batting - Pitching for Indiana Hoosiers : RHP Jack Ingram
Batting: RHB Bryan Clifton 0-0: Ball
1-0: Called Strike
1-1: Ball
2-1: Ball
3-1: Base on Balls
Batting: RHB Reed Allen 0-0: Ball
1-0: Called Strike
1-1: DOUBLE (Line Drive, 89XD)
Bryan Clifton to third
Runner from 3rd tries for Home, SAFE, no throw
Batting: RHB Richard Jeffries 0-0: DOUBLE (Line Drive, 7D)
Reed Allen scores
Batting: RHB Gerald Taylor 0-0: Ball
1-0: Ball
2-0: Ball
3-0: Foul Ball, location: 2F
3-1: Base on Balls
Batting: LHB Sergio García 0-0: Ball
1-0: Foul Ball, location: 2F
1-1: Ball
2-1: SINGLE (Line Drive, 89S)
Richard Jeffries to third
Gerald Taylor to second
Runner from 3rd tries for Home, SAFE, no throw
Batting: LHB Alan Jones 0-0: Ball
1-0: Grounds into double play, 3-6-3 (Groundball, 3)
Gerald Taylor to third
Batting: RHB Doug Carter 0-0: Ball
1-0: Ball
2-0: Ball
3-0: Base on Balls
Batting: RHB Santiago Hernández 0-0: Ball
1-0: SINGLE (Line Drive, 4MD)
Gerald Taylor scores
Doug Carter to second
Pitching: RHP Joe Henderson
Batting: RHB Denny Dennis 0-0: Hit by Pitch
Doug Carter to third
Santiago Hernández to second
Batting: RHB Bryan Clifton 0-0: Foul Ball, location: 2F
0-1: Swinging Strike
0-2: Foul Ball, location: 2F
0-2: Strikes out swinging
Bottom of the 3rd over - 4 runs, 4 hits, 0 errors, 3 left on base; Indiana 4 - Baylor 5
TOP OF THE 4TH
Indiana Hoosiers batting - Pitching for Baylor Bears : LHP Juan De La Hoya
Batting: RHB Frank Reed 0-0: Called Strike
0-1: Foul Ball, location: 2F
0-2: Strikes out swinging
Batting: RHB Chris Neal 0-0: Called Strike
0-1: Fly out, F6 (Popup, 6)
Batting: SHB Bob Madrigal 0-0: Ball
1-0: Swinging Strike
1-1: Swinging Strike
1-2: Foul Ball, location: 2F
1-2: Strikes out looking
Top of the 4th over - 0 runs, 0 hits, 0 errors, 0 left on base; Indiana 4 - Baylor 5
BOTTOM OF THE 4TH
Baylor Bears batting - Pitching for Indiana Hoosiers : RHP Joe Henderson
Batting: RHB Reed Allen 0-0: Ball
1-0: Ball
2-0: Called Strike
2-1: Fly out, F8 (Flyball, 8RM)
Batting: RHB Richard Jeffries 0-0: Ground out 6-3 (Groundball, 6S)
Batting: RHB Gerald Taylor 0-0: Ball
1-0: SINGLE (Groundball, 34D)
Batting: LHB Sergio García Pickoff Throw to First - Error! E1
Gerald Taylor to second
0-0: Ball
1-0: Ball
2-0: Foul Ball, location: 2F
2-1: Ball
3-1: Base on Balls
Batting: LHB Alan Jones 0-0: Foul Ball, location: 2F
0-1: Ball
1-1: Ball
2-1: Ball
Wild Pitch!
Gerald Taylor to third
Sergio García to second
3-1: Base on Balls
Batting: RHB Doug Carter 0-0: Ball
1-0: Foul Ball, location: 2F
1-1: Swinging Strike
1-2: Ball
2-2: Strikes out swinging
Bottom of the 4th over - 0 runs, 1 hit, 1 error, 3 left on base; Indiana 4 - Baylor 5
TOP OF THE 5TH
Indiana Hoosiers batting - Pitching for Baylor Bears : LHP Juan De La Hoya
Batting: RHB Chris Wilson 0-0: Swinging Strike
0-1: Called Strike
0-2: Strikes out swinging
Batting: RHB Luke Nelson 0-0: Called Strike
0-1: Foul Ball, location: 2F
0-2: Ball
1-2: Strikes out swinging, 2-3 out at first.
Batting: RHB Scott Young 0-0: SINGLE (Groundball, 34S) (infield hit)
Batting: LHB Jimmy Winters 0-0: Fly out, F6 (Popup, 6M)
Top of the 5th over - 0 runs, 1 hit, 0 errors, 1 left on base; Indiana 4 - Baylor 5
BOTTOM OF THE 5TH
Baylor Bears batting - Pitching for Indiana Hoosiers : RHP Joe Henderson
Batting: RHB Santiago Hernández 0-0: Ball
1-0: Swinging Strike
1-1: Swinging Strike
1-2: Ball
2-2: Foul Ball, location: 2F
2-2: Ball
3-2: Base on Balls
Batting: RHB Denny Dennis 0-0: Ball
1-0: Swinging Strike
Santiago Hernández steals 2nd base
1-1: Foul Ball, location: 2F
1-2: SINGLE (Line Drive, 56)
Santiago Hernández to third
Batting: RHB Bryan Clifton 0-0: Swinging Strike
0-1: Ball
1-1: Ball
2-1: Called Strike
2-2: DOUBLE (Flyball, 8RXD)
Santiago Hernández scores
Denny Dennis to third
Batting: RHB Reed Allen 0-0: Ball
1-0: Foul Ball, location: 2F
1-1: Foul Ball, location: 2F
1-2: Ball
2-2: Fly out, F8 (Flyball, 8LD)
Runner from 3rd tags up, SCORES, throw made
Batting: RHB Richard Jeffries 0-0: Ball
1-0: Ball
2-0: Ball
3-0: Called Strike
3-1: 2-RUN HOME RUN (Flyball, 7LD), Distance : 335 ft
Pitching: LHP Johnny Mendoza
Batting: RHB Gerald Taylor 0-0: Ball
1-0: Ball
2-0: Foul Ball, location: 2F
2-1: Foul Ball, location: 2F
2-2: Foul Ball, location: 2F
2-2: Foul Ball, location: 2F
2-2: Ball
3-2: Base on Balls
Batting: LHB Sergio García 0-0: Ball
1-0: Called Strike
1-1: Ball
2-1: Ball
3-1: Base on Balls
Gerald Taylor to second
Batting: LHB Alan Jones 0-0: Called Strike
0-1: Swinging Strike
0-2: Ball
1-2: Ball
2-2: Ball
3-2: Base on Balls
Gerald Taylor to third
Sergio García to second
Batting: RHB Doug Carter 0-0: Ball
1-0: SINGLE (Flyball, 7S)
Gerald Taylor scores
Sergio García to third
Alan Jones to second
Runner from 3rd tries for Home, SAFE, no throw
Batting: RHB Santiago Hernández 0-0: Ball
1-0: Foul Ball, location: 2F
1-1: Ball
2-1: Ball
3-1: Grounds into double play, 5-4-3 (Groundball, 56)
Bottom of the 5th over - 6 runs, 4 hits, 0 errors, 1 left on base; Indiana 4 - Baylor 11
TOP OF THE 6TH
Indiana Hoosiers batting - Pitching for Baylor Bears : LHP Juan De La Hoya
Batting: RHB Stephen McNeely 0-0: Ball
1-0: Fly out, F7 (Flyball, 7S)
Batting: RHB Curt David 0-0: Ball
1-0: Foul Ball, location: 2F
1-1: Ball
2-1: SINGLE (Flyball, 9S)
Batting: RHB Frank Reed 0-0: Foul Ball, location: 2F
0-1: Foul Ball, location: 2F
0-2: Strikes out looking
Pitching: LHP Eduardo Álvarez
Batting: RHB Chris Neal 0-0: Called Strike
0-1: Ball
1-1: Foul Ball, location: 2F
1-2: Ball
2-2: Ball
3-2: Fly out, F5 (Popup, 25)
Top of the 6th over - 0 runs, 1 hit, 0 errors, 1 left on base; Indiana 4 - Baylor 11
BOTTOM OF THE 6TH
Baylor Bears batting - Pitching for Indiana Hoosiers : LHP Johnny Mendoza
Batting: RHB Denny Dennis 0-0: Ball
1-0: Called Strike
1-1: Ball
2-1: Ball
3-1: Base on Balls
Batting: RHB Bryan Clifton 0-0: Called Strike
0-1: Ball
1-1: Ball
2-1: Fly out, F9 (Flyball, 89D)
Batting: RHB Reed Allen 0-0: SINGLE (Line Drive, 56D)
Denny Dennis to second
Batting: RHB Richard Jeffries 0-0: SINGLE (Line Drive, 7S)
Denny Dennis to third
Reed Allen to second
Runner from 3rd tries for Home, SAFE, no throw
Batting: RHB Gerald Taylor 0-0: Foul Ball, location: 2F
0-1: Called Strike
Reed Allen steals 3rd base
Richard Jeffries to second
0-2: Foul Ball, location: 2F
0-2: Ball
1-2: Ground out 1-3 (Groundball, 13S)
Batting: LHB Sergio García 0-0: Ball
1-0: Swinging Strike
1-1: SINGLE (Groundball, 4MD)
Reed Allen scores
Richard Jeffries to third
Runner from 3rd tries for Home, SAFE, no throw
Batting: LHB Alan Jones 0-0: 2-RUN HOME RUN (Flyball, 89XD), Distance : 369 ft
Batting: RHB Doug Carter 0-0: Ball
1-0: Ground out 4-3 (Groundball, 4MS)
Bottom of the 6th over - 5 runs, 4 hits, 0 errors, 0 left on base; Indiana 4 - Baylor 16
TOP OF THE 7TH
Indiana Hoosiers batting - Pitching for Baylor Bears : LHP Eduardo Álvarez
Batting: SHB Bob Madrigal 0-0: Called Strike
0-1: SINGLE (Line Drive, 6M)
Batting: RHB Chris Wilson 0-0: Foul Ball, location: 2F
0-1: Ball
1-1: Ball
2-1: Grounds into double play, 5-4-3 (Groundball, 56)
Batting: RHB Luke Nelson 0-0: Called Strike
0-1: Ball
1-1: Called Strike
1-2: Ball
2-2: Strikes out looking
Top of the 7th over - 0 runs, 1 hit, 0 errors, 0 left on base; Indiana 4 - Baylor 16
BOTTOM OF THE 7TH
Baylor Bears batting - Pitching for Indiana Hoosiers : LHP Johnny Mendoza
Batting: RHB Santiago Hernández 0-0: Ball
1-0: Ball
2-0: Ball
3-0: Called Strike
3-1: Base on Balls
Batting: RHB Denny Dennis 0-0: Ball
1-0: Called Strike
1-1: Ball
2-1: Ball
3-1: Base on Balls
Santiago Hernández to second
Pitching: LHP Ken Pinnell
Batting: RHB Bryan Clifton 0-0: Called Strike
0-1: Ball
1-1: 3-RUN HOME RUN (Flyball, 7LD), Distance : 317 ft
Batting: RHB Reed Allen 0-0: Called Strike
0-1: Ball
1-1: Fly out, F9 (Flyball, 89D)
Batting: RHB Richard Jeffries 0-0: Swinging Strike
0-1: Ball
1-1: Ball
2-1: Called Strike
2-2: Strikes out swinging
Batting: RHB Gerald Taylor 0-0: Ball
1-0: Ball
2-0: Ball
3-0: Base on Balls
Batting: LHB Sergio García 0-0: Ball
1-0: Called Strike
1-1: Swinging Strike
1-2: SINGLE (Flyball, 8LS)
Gerald Taylor to second
Runner from 2nd tries for 3rd, SAFE, no throw
Batting: LHB Alan Jones 0-0: Called Strike
0-1: Ball
1-1: Ball
2-1: Ball
3-1: Base on Balls
Sergio García to second
Batting: RHB Doug Carter 0-0: Foul Ball, location: 2F
0-1: Ground out 4-3 (Groundball, 4)
Bottom of the 7th over - 3 runs, 2 hits, 0 errors, 3 left on base; Indiana 4 - Baylor 19
TOP OF THE 8TH
Indiana Hoosiers batting - Pitching for Baylor Bears : LHP Eduardo Álvarez
Batting: RHB Scott Young 0-0: Ball
1-0: Ball
2-0: SINGLE (Line Drive, 8LS)
Batting: LHB Jimmy Winters 0-0: Called Strike
0-1: Fly out, F7 (Flyball, 7LSF)
Batting: RHB Stephen McNeely 0-0: Ball
1-0: Hit by Pitch
Scott Young to second
Batting: RHB Curt David 0-0: Ball
1-0: SINGLE (Flyball, 89M)
Scott Young to third
Stephen McNeely to second
Batting: RHB Frank Reed 0-0: Swinging Strike
0-1: Ball
1-1: Ball
Wild Pitch!
Scott Young scores
Stephen McNeely to third
Curt David to second
2-1: Swinging Strike
2-2: Strikes out swinging
Batting: RHB Chris Neal 0-0: Ball
1-0: Foul Ball, location: 2F
1-1: Ball
2-1: Ball
3-1: Called Strike
3-2: Base on Balls
Batting: SHB Bob Madrigal 0-0: Called Strike
0-1: Called Strike
0-2: Foul Ball, location: 2F
0-2: Ball
1-2: Ball
2-2: Ball
3-2: Ground out 6-3 (Groundball, 6)
Top of the 8th over - 1 run, 2 hits, 0 errors, 3 left on base; Indiana 5 - Baylor 19
BOTTOM OF THE 8TH
Baylor Bears batting - Pitching for Indiana Hoosiers : LHP Ken Pinnell
Pinch Hitting: RHB Jeff Erwin 0-0: SINGLE (Groundball, 56D)
Batting: RHB Denny Dennis 0-0: Ball
1-0: Foul Ball, location: 2F
1-1: Foul Ball, location: 2F
1-2: Foul Ball, location: 2F
1-2: Foul Ball, location: 2F
1-2: SINGLE (Popup, 6MD)
Jeff Erwin to second
Batting: RHB Bryan Clifton 0-0: Ball
1-0: Called Strike
1-1: SINGLE (Groundball, 56D)
Jeff Erwin to third
Denny Dennis to second
Runner from 3rd tries for Home, SAFE, no throw
Batting: RHB Reed Allen 0-0: Foul Ball, location: 2F
0-1: Ball
1-1: Called Strike
1-2: Foul Ball, location: 2F
1-2: Foul Ball, location: 2F
1-2: SINGLE (Line Drive, 8LS)
Denny Dennis to third
Bryan Clifton to second
Batting: RHB Richard Jeffries 0-0: Called Strike
0-1: Foul Ball, location: 2F
0-2: Ball
1-2: Ball
2-2: Strikes out swinging
Batting: RHB Gerald Taylor 0-0: Ball
1-0: Ball
2-0: Ball
3-0: Foul Ball, location: 2F
3-1: Base on Balls
Denny Dennis scores
Bryan Clifton to third
Reed Allen to second
Batting: LHB Sergio García 0-0: Called Strike
0-1: Ball
1-1: Ball
2-1: Called Strike
2-2: Strikes out swinging
Batting: LHB Alan Jones 0-0: Foul Ball, location: 2F
0-1: Ball
1-1: Ball
2-1: DOUBLE (Flyball, 78D)
Bryan Clifton scores
Reed Allen scores
Gerald Taylor to third
Batting: RHB Doug Carter 0-0: Ball
1-0: Ball
2-0: Ball
3-0: Called Strike
3-1: Base on Balls
Batting: RHB Jeff Erwin 0-0: Ball
1-0: Ball
2-0: Swinging Strike
2-1: Foul Ball, location: 2F
2-2: Ball
3-2: Base on Balls
Gerald Taylor scores
Alan Jones to third
Doug Carter to second
Batting: RHB Denny Dennis 0-0: Ball
1-0: Ball
2-0: Ball
3-0: Called Strike
3-1: Base on Balls
Alan Jones scores
Doug Carter to third
Jeff Erwin to second
Batting: RHB Bryan Clifton 0-0: Ball
1-0: Called Strike
1-1: SINGLE (Line Drive, 6D)
Doug Carter scores
Jeff Erwin to third
Denny Dennis to second
Runner from 3rd tries for Home, SAFE, throw made home
Pitching: RHP Joe Green
Batting: RHB Reed Allen 0-0: Ball
1-0: Ball
2-0: Ball
3-0: Called Strike
3-1: Called Strike
3-2: SINGLE (Flyball, 7LS)
Denny Dennis to third
Bryan Clifton to second
Denny Dennis scores
Bryan Clifton to third
Batting: RHB Richard Jeffries 0-0: Called Strike
0-1: Ball
1-1: Foul Ball, location: 2F
1-2: Ball
2-2: Ball
3-2: Foul Ball, location: 2F
3-2: Ground out 6-3 (Groundball, 6)
Bottom of the 8th over - 9 runs, 7 hits, 0 errors, 2 left on base; Indiana 5 - Baylor 28
TOP OF THE 9TH
Indiana Hoosiers batting - Pitching for Baylor Bears : LHP Eduardo Álvarez
Now at 2B: Jeff Erwin
Now at 3B: Will Acuff
Now in LF: Alfonso Segura
Batting: RHB Chris Wilson 0-0: Called Strike
0-1: Ball
1-1: Ball
2-1: Called Strike
2-2: Ball
3-2: Strikes out swinging
Batting: RHB Luke Nelson 0-0: Called Strike
0-1: Foul Ball, location: 2F
0-2: Foul Ball, location: 2F
0-2: Ball
1-2: Fly out, F7 (Flyball, 7LS)
Batting: RHB Scott Young 0-0: Ball
1-0: Swinging Strike
1-1: Foul Ball, location: 2F
1-2: Ball
2-2: Ball
3-2: Base on Balls
Batting: LHB Jimmy Winters 0-0: Called Strike
0-1: Hit by Pitch
Scott Young to second
Batting: RHB Stephen McNeely 0-0: Called Strike
0-1: Ball
1-1: Ball
2-1: Foul Ball, location: 2F
2-2: Fielders Choice at 2nd, 5-4 (Groundball, 56)
Top of the 9th over - 0 runs, 0 hits, 0 errors, 2 left on base; Indiana 5 - Baylor 28
Saturday, April 7th, 2018 - OOTP Baseball 18.8 Build 76